 Dungeon Crawl Stone Soup version 0.19-a0-1834-g6b7851e (webtiles) character file.

205 Alarkh the Magician (level 5, -8/31 HPs)
             Began as a Mummy Fire Elementalist on Oct 9, 2016.
             Was a Follower of Hepliaklqana.
             Killed from afar by Dowan (9 damage)
             ... with a puff of flame
             ... on level 4 of the Dungeon.
             The game lasted 00:05:09 (2832 turns).

Alarkh the Magician (Mummy Fire Elementalist)       Turns: 2832, Time: 00:05:10

Health: -8/31      AC:  3    Str: 11    XL:     5   Next: 52%
Magic:  0/10       EV: 12    Int: 15    God:    Hepliaklqana [*.....]
Gold:   188        SH:  0    Dex: 13    Spells: 4 memorised, 1 level left

rFire  . . .     SeeInvis .     k - +0 spear
rCold  . . .     Gourm    .     a - +0 robe
rNeg   + + +     Faith    .     (no shield)
rPois  ∞         Spirit   .     (no helmet)
rElec  .         Dismiss  .     (no cloak)
rCorr  .         Reflect  .     f - +0 pair of gloves
MR     .....     Harm     .     (no boots)
Stlth  ++........               (no amulet)
                                (no ring)
                                j - ring of fire

@: no status effects
A: no food or potions, fire vulnerability, reduced essence, cold resistance 1,
negative energy resistance 3, torment resistance, unbreathing
a: Recall Ancestor, Ancestor Identity, Renounce Religion


You were on level 4 of the Dungeon.
You worshipped Hepliaklqana.
Hepliaklqana was aware of your devotion.
You were not hungry.

You visited 1 branch of the dungeon, and saw 4 of its levels.

You collected 188 gold pieces.

Inventory:

Hand Weapons
 d - a +1 whip of flaming
 k - a +0 spear (weapon)
Armour
 a - a +0 robe (worn)
 f - a +0 pair of gloves (worn)
Jewellery
 j - a ring of fire (left hand)
Scrolls
 c - 6 scrolls of remove curse
 e - a scroll of identify
 g - a scroll of fog
 h - 3 scrolls of amnesia
 i - a scroll of teleportation {unknown}
 m - 3 scrolls of recharging {unknown}
 r - a scroll of enchant armour
Books
 b - a book of Flames

   Spells                             Type                      Level
   a - Flame Tongue                   Conjuration/Fire             1
   b - Throw Flame                    Conjuration/Fire             2
   c - Conjure Flame                  Conjuration/Fire             3
   d - Inner Flame                    Hexes/Fire                   3
   e - Sticky Flame                   Conjuration/Fire             4
   f - Fireball                       Conjuration/Fire             5
 l - a book of Necromancy

   Spells                             Type                      Level
   a - Pain                           Necromancy                   1
   b - Animate Skeleton               Necromancy                   1
   c - Vampiric Draining              Necromancy                   3
   d - Regeneration                   Charms/Necromancy            3
   e - Animate Dead                   Necromancy                   4
   f - Control Undead                 Necromancy                   4
 n - a book of Minor Magic

   Spells                             Type                      Level
   a - Magic Dart                     Conjuration                  1
   b - Blink                          Translocation                2
   c - Call Imp                       Summoning                    2
   d - Repel Missiles                 Charms/Air                   2
   e - Slow                           Hexes                        2
   f - Conjure Flame                  Conjuration/Fire             3
   g - Mephitic Cloud                 Conjuration/Poison/Air       3


   Skills:
 - Level 1.5 Dodging
 - Level 1.5 Stealth
 + Level 3.3 Spellcasting
 + Level 2.9 Conjurations
 + Level 0.4 Necromancy
 + Level 3.3 Fire Magic


You had one spell level left.
You knew the following spells:

 Your Spells              Type           Power        Failure   Level  Hunger
a - Flame Tongue          Conj/Fire      ###..        8%          1    N/A
b - Throw Flame           Conj/Fire      ###...       12%         2    N/A
c - Vampiric Draining     Necr           #.........   56%         3    N/A
e - Conjure Flame         Conj/Fire      ###.....     21%         3    N/A

Dungeon Overview and Level Annotations

Branches:
Dungeon (4/15)
 Temple: D:4-7

Altars:
Hepliaklqana
Yredelemnul

Annotations:
D:4 Dowan, Duvessa


Innate Abilities, Weirdness & Mutations

You do not eat or drink.
Your flesh is vulnerable to fire.
You are immune to poison.
Your flesh is cold resistant. (rC+)
You are immune to negative energy. (rN+++)
You are immune to unholy pain and torment.
You can survive without breathing.
Your life essence is reduced. (-10% HP)


Message History

Aiming: Flame Tongue
Press: ? - help, Shift-Dir - straight line, f/p - Duvessa
Aim: Duvessa, wielding a short sword and wearing a chain mail (severely wounded)
You feel a surge of power!
The flame tongue hits Duvessa.
Duvessa is severely wounded.
Duvessa hits you with a short sword.
Sextus hits Duvessa but does no damage.
Dowan hits you with a dagger.
* * * LOW HITPOINT WARNING * * *
Duvessa hits Sextus with a short sword.
Sextus hits Duvessa but does no damage.
Dowan hits you with a dagger.
* * * LOW HITPOINT WARNING * * *
Okay, then.
Unknown command.
Duvessa hits Sextus with a short sword.
Sextus hits Duvessa but does no damage.
Dowan hits you with a dagger.
* * * LOW HITPOINT WARNING * * *
Duvessa closely misses Sextus.
Sextus hits Duvessa.
Dowan points at you and mumbles some strange words.
The puff of flame hits you!
You die...

#.......).####
###..........#######.
#..................
#..........########
#..........#
#..........##
##########..# ##.##
...###@.#########
#......e........
######...R#####
####e######..#
#l...el..# ######e.##
..# ... ...


You could see the friendly Sextus the ancestor, Duvessa and Dowan.

Vanquished Creatures
  Jessica (D:3)
  4 adders
  4 gnolls (D:3)
  An ooze (D:1)
  3 worms
  A dart slug (D:1)
  2 leopard geckos
  6 orcs (D:3)
  5 giant cockroaches
  5 goblins
  3 hobgoblins
  2 jackals (D:3)
  3 kobolds
  2 quokkas
  2 ball pythons (D:3)
  6 bats
  4 frilled lizards
  4 rats
58 creatures vanquished.

Vanquished Creatures (collateral kills)
  An adder (D:2)
  An ooze (D:2)
  A worm (D:2)
  An orc (D:3)
  2 jackals (D:3)
  A bat (D:3)
  2 kobolds
9 creatures vanquished.

Grand Total: 67 creatures vanquished

Notes
Turn   | Place    | Note
-------+----------+-------------------------------------------
     0 | D:1      | Alarkh the Mummy Fire Elementalist began the quest for the Orb.
     0 | D:1      | Reached XP level 1. HP: 13/13 MP: 3/3
    50 | D:1      | Reached skill level 1 in Conjurations
   154 | D:1      | Reached XP level 2. HP: 10/19 MP: 1/5
   835 | D:2      | Found a hazy altar of Hepliaklqana.
   842 | D:2      | Became a worshipper of Hepliaklqana the Forgotten
   851 | D:2      | Reached XP level 3. HP: 16/21 MP: 0/7
  1124 | D:2      | Learned a level 3 spell: Conjure Flame
  1127 | D:2      | Learned a level 2 spell: Throw Flame
  1305 | D:2      | Reached XP level 4. HP: 16/27 MP: 1/8
  1569 | D:3      | Reached * piety under Hepliaklqana
  1605 | D:3      | Noticed Jessica
  1610 | D:3      | Killed Jessica
  1714 | D:3      | Reached XP level 5. HP: 9/31 MP: 0/9
  2591 | D:3      | Learned a level 3 spell: Vampiric Draining
  2633 | D:3      | Found a basalt altar of Yredelemnul.
  2808 | D:4      | Noticed Dowan
  2811 | D:4      | Noticed Duvessa
  2831 | D:4      | HP: 1/31 [Dowan/dagger (1)]
  2832 | D:4      | Killed from afar by Dowan

Vault maps used:
D:1:      nicolae_arrival_memento_mori
D:2:      lemuel_round_altar, first_bread
D:3:      lemuel_round_altar, uniq_jessica
D:4:      lemuel_doored_altar, uniq_duvessa

Skill      XL: |  1  2  3  4 |
---------------+-------------+-----
Conjurations   | 1 2 |  2.9
Spellcasting   | 3 |  3.3
Fire Magic     | 3 |  3.3
Dodging        | |  1.5
Stealth        | |  1.5
Necromancy     | |  0.4

Action                   |  1- 3 |  4- 6 || total
-------------------------+-------+-------++-------
Melee: Whip              |    15 |    16 ||    31
       Spear             |       |    22 ||    22
 Cast: Flame Tongue      |    50 |    58 ||   108
Invok: Ancestor Identity |     1 |       ||     1
       Recall Ancestor   |       |     2 ||     2
  Use: Scroll            |     1 |     3 ||     4
Armor: Robe              |     6 |    11 ||    17
Dodge: Dodged            |    42 |    50 ||    92
